Map: Sanctuary III LE

Players

liquidclem (Clem)

  • Race: Terran Terran
  • League: Grandmaster
  • Spawn Location: 1:00

Elazer - Winner!

  • Race: Zerg Zerg
  • League: Master
  • Spawn Location: 7:00

Event: HomeStory Cup XXIX

VOD

Have the link to the VOD?

Description

Time

  • Played on: July 3, 2026, 1:16 p.m.
  • Length: 10:16

All games in this series

Show
View Real Time Build Order
Export as new Build Order

liquidclem Terran 

Build Orders: Reaper Expand 

Get SALT Encoding   

  8  0:00  SCV  
  9  0:12  SCV  
  10  0:24  SCV  
  10  0:27  Supply Depot  
  11  0:36  SCV  
  12  0:48  SCV  
  13  0:53  Barracks  
  13  1:00  SCV  
  14  1:05  Refinery  
  14  1:13  SCV  
  15  1:25  SCV  
  16  1:39  Orbital Command  
  16  1:47  Reaper  
  17  2:05  SCV  
  18  2:10  Command Center  
  18  2:17  SCV  
  19  2:24  Marine, Supply Depot  
  19  2:29  SCV  
  21  2:39  Factory  
  21  2:44  Barracks Reactor  
  21  2:46  SCV  
  22  2:52  Refinery  
  22  2:58  SCV  
  23  3:10  SCV  
  24  3:24  Orbital Command  
  24  3:25  Starport  
  24  3:26  SCV  
  24  3:29  Hellion  
  24  3:30  Hellion  
  28  3:34  Barracks Tech Lab  
  28  3:38  SCV  
  29  3:49  Supply Depot, SCV  
  29  3:51  SCV  
  29  3:52  Hellion  
  33  3:58  Hellion  
  33  4:01  SCV  
  36  4:03  SCV  
  36  4:06  Viking  
  39  4:13  Supply Depot  
  39  4:14  SCV  
  39  4:15  SCV  
  41  4:19  Stimpack  
  41  4:26  Barracks  
  41  4:28  SCV  
  41  4:30  SCV  
  43  4:33  Factory Reactor  
  43  4:35  Barracks  
  43  4:37  Marine  
  44  4:41  Starport Reactor  
  44  4:42  SCV  
  44  4:45  SCV  
  46  4:50  Supply Depot  
  46  4:54  SCV  
  46  4:56  Marine  
  46  4:57  SCV  
  49  5:06  SCV  
  50  5:09  SCV  
  51  5:14  Supply Depot  
  51  5:15  Marine  
  51  5:17  Factory Reactor  
  51  5:18  Refinery, SCV  
  53  5:21  Marine  
  53  5:22  Marine x2, Medivac x2  
  53  5:23  Marine  
  53  5:24  SCV  
  53  5:27  Supply Depot  
  62  5:31  SCV  
  62  5:33  Marine  
  64  5:36  SCV  
  64  5:39  Marine x2  
  64  5:40  Marine  
  64  5:41  Marine  
  69  5:43  SCV  
  69  5:46  Supply Depot  
  69  5:48  SCV  
  71  5:51  Supply Depot, Marine  
  71  5:54  Widow Mine x2  
  71  5:55  SCV  
  76  5:57  Marine  
  76  5:59  Marine  
  76  6:00  Marine, SCV  
  76  6:02  Marine  
  81  6:07  SCV  
  81  6:09  Supply Depot  
  81  6:10  Marine  
  83  6:12  Combat Shield  
  83  6:13  Medivac  
  83  6:16  Medivac  
  81  6:26  Marine  
  81  6:29  Widow Mine x2  
  81  6:30  Marine x3  
  81  6:31  Supply Depot, Marine  
  90  6:41  Command Center  
  84  6:47  Marine x2  
  84  6:50  Engineering Bay  
  84  6:51  Medivac, Marine  
  87  6:54  Widow Mine  
  87  6:57  Widow Mine  
  87  6:58  Marine x2  
  86  7:04  Refinery  
  86  7:05  Marine  
  86  7:08  Medivac  
  89  7:12  Supply Depot  
  89  7:13  Marine  
  89  7:14  Marine  
  93  7:15  Widow Mine  
  93  7:18  Marine x2  
  93  7:19  Supply Depot  
  93  7:22  Widow Mine  
  97  7:26  Terran Infantry Weapons Level 1  
  97  7:29  Marine  
  96  7:31  Marine x2  
  96  7:35  Medivac  
  96  7:36  Marine  
  92  7:39  Marine  
  88  7:46  Marine  
  88  7:47  Widow Mine, Medivac  
  88  7:49  Marine x2  
  88  7:51  Widow Mine  
  87  7:54  Marine, SCV x2  
  87  7:56  Missile Turret  
  87  7:57  Marine  
  91  8:04  Marine  
  92  8:06  SCV x2, Marine  
  92  8:07  Marine  
  92  8:08  Medivac, Widow Mine  
  96  8:15  Marine  
  96  8:17  Widow Mine  
  96  8:18  SCV x2  
  92  8:24  Marine  
  92  8:26  Marine  
  79  8:27  Marine  
  79  8:30  Widow Mine, Marine, SCV  
  79  8:31  SCV  
  79  8:33  Marine  
  80  8:35  Medivac  
  69  8:42  Marine  
  69  8:43  SCV x2  
  69  8:44  Marine  
  69  8:45  Marine  
  69  8:47  Widow Mine  
  69  8:48  Medivac  
  74  8:50  Marine  
  74  8:53  Widow Mine  
  74  8:55  SCV x2  
  79  9:03  Marine  
  79  9:04  Marine x2  
  79  9:05  Marine  
  79  9:07  SCV x2, Marine  
  79  9:09  Hellion  
  73  9:10  Medivac  
  72  9:19  SCV x2  
  72  9:21  Marine  
  72  9:22  Marine  
  69  9:24  Marine  
  69  9:27  Marine  
  69  9:29  Marine  
  70  9:31  SCV x2  
  70  9:37  Widow Mine  
  73  9:39  Marine x2, Widow Mine  
  73  9:42  Marine  
  73  9:43  Medivac, SCV  
  81  9:45  Marine  
  81  9:47  Marine  
  81  9:52  SCV  
  84  9:56  Marine  
  84  9:57  Marine  
  88  10:03  SCV  
Show
View Real Time Build Order
Export as new Build Order

Elazer Zerg - Winner!

Build Orders: Pool First 

Get SALT Encoding   

  8  0:00  Drone  
  9  0:10  Drone  
  10  0:16  Drone  
  11  0:22  Drone  
  12  0:32  Overlord  
  12  0:39  Extractor  
  12  0:40  Drone  
  13  0:50  Drone  
  13  0:51  Drone  
  15  1:01  Drone  
  16  1:07  Spawning Pool  
  16  1:11  Drone  
  16  1:20  Drone  
  17  1:35  Hatchery  
  17  1:39  Drone  
  17  1:42  Drone  
  18  1:52  Extractor  
  17  1:55  Queen  
  17  1:58  Drone  
  20  2:01  Extractor  
  20  2:02  Drone  
  21  2:11  Overlord  
  21  2:30  Drone x2, Queen  
  25  2:40  Drone  
  26  2:47  Queen  
  26  2:50  Drone  
  29  2:51  Overlord  
  29  3:04  Spore Crawler  
  29  3:05  Drone x3  
  31  3:10  Drone x2  
  34  3:13  Metabolic Boost  
  33  3:22  Drone x3  
  36  3:27  Drone x2  
  38  3:34  Lair  
  38  3:38  Overlord  
  38  3:41  Drone  
  38  3:43  Drone  
  40  3:50  Baneling Nest  
  40  3:52  Drone  
  40  3:56  Zergling x2  
  40  3:57  Drone x3  
  40  3:59  Drone  
  45  4:04  Drone x3  
  45  4:08  Extractor  
  47  4:10  Extractor  
  47  4:11  Drone x2  
  47  4:12  Overlord  
  47  4:16  Extractor, Drone  
  48  4:22  Overlord  
  48  4:29  Overlord  
  48  4:31  Zergling x10  
  53  4:39  Overlord  
  53  4:46  Spire  
  53  4:47  Overlord  
  53  4:50  Overlord  
  53  4:51  Drone x2  
  54  4:53  Drone  
  54  4:57  Centrifugal Hooks  
  54  4:59  Drone x2  
  56  5:11  Hatchery  
  55  5:15  Zergling x4  
  55  5:19  Burrow  
  55  5:20  Zergling x2  
  55  5:21  Zergling x2  
  59  5:31  Overlord, Zergling x2  
  59  5:32  Zergling x6  
  63  5:38  Zergling x6  
  66  5:46  Overlord  
  65  5:58  Mutalisk  
  65  5:59  Mutalisk x5  
  65  6:03  Mutalisk  
  75  6:13  Zergling x8  
  75  6:16  Overlord  
  75  6:26  Zergling x6  
  75  6:29  Baneling  
  75  6:30  Baneling x3  
  75  6:31  Zergling x6  
  80  6:34  Zergling x2  
  80  6:38  Zergling x4  
  73  6:56  Mutalisk  
  73  6:57  Mutalisk x3  
  73  6:59  Zergling x16  
  80  7:03  Mutalisk  
  82  7:15  Mutalisk  
  83  7:17  Zergling x6  
  83  7:18  Overseer  
  83  7:19  Baneling x2  
  83  7:22  Overlord  
  86  7:23  Baneling x2  
  86  7:25  Zergling x2  
  85  7:33  Zergling x6  
  80  7:39  Zergling x14  
  80  7:51  Mutalisk  
  80  7:52  Mutalisk x2  
  80  7:54  Zergling x6  
  89  7:59  Zerg Flyer Weapons Level 1  
  89  8:03  Drone x5  
  89  8:04  Drone  
  95  8:06  Baneling x3  
  92  8:16  Zergling x12  
  92  8:18  Zergling x2  
  93  8:28  Zergling x6  
  93  8:35  Zergling x16  
  94  8:49  Mutalisk x2  
  94  8:54  Mutalisk  
  94  8:55  Mutalisk  
  102  8:59  Hatchery  
  90  9:17  Zergling x16  
  92  9:25  Mutalisk x4  
  92  9:30  Zergling x10  
  99  9:38  Zergling x6  
  100  9:43  Baneling x6  
  100  9:44  Zergling x2  
  101  9:51  Mutalisk x2  
  104  9:54  Zergling x2  
  105  10:02  Baneling x4  
Tags
 
Add a new tag
Caveats
  • Supply blocks, unpowered buildings, or Contaminate may cause inaccurate times.
  • Supply counts are checked every 10 seconds.